 Dungeon Crawl Stone Soup version 0.26-a0-660-gc07710193c (webtiles) character file.

Game seed: 3518166674986063651

5579 Psyclone the Destroyer (level 10, -1/56 HPs)
             Began as an Octopode Conjurer on Oct 6, 2020.
             Was an Initiate of Gozag.
             Slain by an orc warrior
             ... wielding a +0 war axe
              (20 damage)
             ... on level 9 of the Dungeon.
             The game lasted 00:20:39 (10771 turns).

Psyclone the Destroyer (Octopode Conjurer)         Turns: 10771, Time: 00:20:39

Health: -1/56      AC:  1    Str:  8    XL:     10   Next: 72%
Magic:  13/22      EV: 28    Int: 23    God:    Gozag
Gold:   1104       SH:  0    Dex: 10    Spells: 19/26 levels left

rFire    + . .     SeeInvis .   a - +0 dagger
rCold    . . .     Faith    .   (no shield)
rNeg     . . .     Spirit   .   (helmet restricted)
rPois    .         Reflect  .   g - amulet of the acrobat
rElec    .         Harm     .   d - ring of wizardry
rCorr    .         Rampage  .   m - ring of protection from fire
MR       .....                  (no ring)
Stlth    +++.......             (no ring)
HPRegen  0.18/turn              (no ring)
MPRegen  0.18/turn              (no ring)
                                (no ring)
                                (no ring)

@: gold aura, acrobat
A: almost no armour, stealthy swim, amphibious, 8 rings, constrict 8, camouflage
1, gelatinous body 1
a: Potion Petition, Call Merchant, Bribe Branch, Renounce Religion


You were on level 9 of the Dungeon.
You worshipped Gozag.
Gozag was most pleased with you.
You visited 2 branches of the dungeon, and saw 10 of its levels.

You collected 1204 gold pieces.
You paid 100 gold pieces to Gozag.

Inventory:

Hand Weapons
 a - a +0 dagger (weapon)
 i - a +3 hand crossbow
 A - a +3 dagger
Jewellery
 d - a ring of wizardry (left tentacle)
 g - an amulet of the acrobat (around mantle)
 m - a ring of protection from fire (right tentacle)
 x - an uncursed ring of ice
Wands
 b - a wand of flame (10)
 k - a wand of iceblast (1)
 t - a wand of disintegration (12)
 B - a wand of paralysis (9)
Scrolls
 c - 3 scrolls of remove curse
 l - 6 scrolls of teleportation
 n - a scroll of immolation
 o - a scroll of magic mapping
 s - 3 scrolls of amnesia
 u - 2 scrolls of blinking
 y - 2 scrolls of enchant weapon {unknown}
 z - a scroll of enchant armour
 C - a scroll of holy word
 D - a scroll of identify {@r1}
 F - a scroll of fog {unknown}
Potions
 e - a potion of flight {unknown}
 f - 4 potions of degeneration {unknown}
 h - a potion of ambrosia {unknown}
 j - a potion of cancellation {unknown}
 p - 3 potions of lignification {unknown}
 q - a potion of haste {unknown}
 r - a potion of magic {unknown}
 v - a potion of brilliance
 w - a potion of heal wounds
 E - a potion of might {unknown}


   Skills:
 - Level 2.0 Dodging
 - Level 2.6 Stealth
 + Level 8.6 Spellcasting
 * Level 13.0 Conjurations


You had 19 spell levels left.
You knew the following spells:

 Your Spells              Type           Power        Failure   Level
a - Magic Dart            Conj           ####         1%          1
b - Searing Ray           Conj           ######       1%          2
d - Fulminant Prism       Conj/Hex       #####.....   1%          4

Your spell library contained the following spells:

 Spells                   Type           Power        Failure   Level
 Dazzling Flash           Conj/Hex       #####.       1%          3
 Iskenderun's Mystic Bla  Conj/Tloc      #####...     1%          4


Dungeon Overview and Level Annotations

Branches:
Dungeon (9/15)             Temple (1/1) D:6             Orc (0/2) D:9
   Lair: D:8-11

Altars:
Ashenzari
Cheibriados
Dithmenos
Elyvilon
Fedhas
Gozag
Hepliaklqana
Kikubaaqudgha
Makhleb
Nemelex Xobeh
Okawaru
Qazlal
Ru
Sif Muna
Trog
Uskayaw
Vehumet
Wu Jian
Xom
Yredelemnul
Zin
The Shining One

Annotations:
D:6 exclusion: 2 downstairs


Innate Abilities, Weirdness & Mutations

You cannot wear most types of armour.
You are very stealthy in the water. (Stealth+)
You are amphibious.
You can wear up to eight rings at the same time.
You can use your tentacles to constrict eight enemies at once.
Your skin changes colour to match your surroundings (Stealth+).
Your rubbery body absorbs attacks. (AC +1, EV +1)


Message History

You kill the hornet!
Your Conjurations skill increases to level 13!
The searing ray hits the orc!
You kill the orc! (Press . to maintain the ray.)
The orc warrior barely misses you.
You now have 14/22 mp.
The searing ray hits something!
Reactivating autopickup.
You feel a bit more experienced.
The orc warrior hits you with a +0 war axe!!
You take 23 damage, and have 19/56 hp.
MASSIVE DAMAGE!!
You now have 13/22 mp.
There is an open door here.
Things that are here:
17 gold pieces; a +0 club; a +0 leather armour
Things that are here:
8 gold pieces; a +0 mace; a +0 scale mail The orc warrior hits you with a +0 war axe!!
You die...
Your body crumbles into a pile of gold.

......#..#..o.....#
#.....(..
......##.'........#
######'##
#'########........+
#...# #..###
#........# #>.##
##...# ##'#######
####'## ###.#
#..)...# #.....# #.#
######$### ###.#.##
####'## #....o..#
#...#.+. ......#
#....@..# #.#####.
>.....######....$..#
#......#
......'....#.......#
+.###...
......####.#.......#
#....... ......#
+.......+ #.......
......# #.......#
#.._.... ......#
######### #.......
......# #....♣..
......# #.......


You could see an orc warrior.

Vanquished Creatures
  Pikel (D:6)
  An ugly thing (D:7)
  2 hornets
  Menkaure (D:4)
  A sky beast (D:7)
  2 ice beasts
  5 orc warriors
  3 phantoms
  A necrophage (D:8)
  2 centaurs
  4 ogres
  3 lemures (D:6)
  6 bullfrogs
  A scorpion (D:6)
  10 killer bees
  4 wights (D:7)
  7 howler monkeys
  A centaur zombie (D:6)
  A bullfrog zombie (D:8)
  6 hounds
  5 orc priests
  A jelly (D:6)
  A centaur skeleton (D:8)
  9 orc wizards
  4 iguanas
  4 worker ants
  3 hound zombies
  2 hound skeletons
  A worker ant zombie (D:5)
  10 adders
  3 gnolls (D:2)
  A shadow imp (D:7)
  A white imp (D:5)
  3 ufetubi
  An ooze (D:2)
  An adder zombie (D:6)
  A worm (D:3)
  4 dart slugs
  4 leopard geckos
  20 orcs
  6 giant cockroaches
  8 goblins
  12 hobgoblins
  17 jackals
  3 quokkas
  5 bats
  4 frilled lizards
  A jackal zombie (D:7)
  9 kobolds
  2 leopard gecko skeletons
  A leopard gecko zombie (D:5)
  10 rats
219 creatures vanquished.

Vanquished Creatures (others)
  A fulminant prism (D:7)
1 creature vanquished.

Grand Total: 220 creatures vanquished

Notes
Turn   | Place    | Note
-------+----------+-------------------------------------------
     0 | D:1      | Psyclone the Octopode Conjurer began the quest for the Orb.
     0 | D:1      | Reached XP level 1. HP: 11/11 MP: 3/3
   150 | D:1      | Reached XP level 2. HP: 17/17 MP: 0/5
   206 | D:1      | Learned a level 2 spell: Searing Ray
   671 | D:1      | Reached XP level 3. HP: 19/21 MP: 6/6
  1455 | D:2      | Reached skill level 5 in Conjurations
  1479 | D:2      | Reached XP level 4. HP: 21/27 MP: 2/8
  2367 | D:2      | Learned a level 4 spell: Fulminant Prism
  2395 | D:3      | Reached XP level 5. HP: 31/31 MP: 9/9
  3344 | D:4      | Noticed Menkaure
  3345 | D:4      | Noticed an ogre
  3348 | D:4      | Killed Menkaure
  3348 | D:4      | Reached skill level 6 in Conjurations
  3348 | D:4      | Reached XP level 6. HP: 36/36 MP: 5/11
  3517 | D:4      | Found a blossoming altar of Fedhas.
  3831 | D:4      | Reached skill level 7 in Conjurations
  3831 | D:4      | Reached XP level 7. HP: 41/41 MP: 4/13
  3836 | D:4      | Found an ornate altar of the Wu Jian Council.
  4211 | D:5      | Entered Level 5 of the Dungeon
  4660 | D:5      | Found a shimmering altar of Xom.
  4702 | D:5      | Found a basalt altar of Yredelemnul.
  4776 | D:5      | Found a white marble altar of Elyvilon.
  5131 | D:6      | Reached skill level 8 in Conjurations
  5226 | D:6      | Found a burning altar of Makhleb.
  5514 | D:6      | Reached skill level 5 in Spellcasting
  5514 | D:6      | Reached XP level 8. HP: 46/46 MP: 10/15
  5523 | D:6      | Found a broken altar of Ashenzari.
  5905 | D:6      | Found a staircase to the Ecumenical Temple.
  5917 | Temple   | Entered the Ecumenical Temple
  5933 | Temple   | Became a worshipper of Gozag Ym Sagoz the Greedy
  6104 | D:6      | Reached skill level 9 in Conjurations
  6726 | D:7      | Noticed a hornet
  6727 | D:7      | Noticed Pikel
  6764 | D:6      | Reached skill level 10 in Conjurations
  6764 | D:6      | Reached XP level 9. HP: 51/51 MP: 10/18
  6934 | D:6      | Killed Pikel
  7224 | D:7      | Reached skill level 11 in Conjurations
  7391 | D:7      | Noticed a red ugly thing
  7415 | D:7      | Killed a red ugly thing
  7545 | D:7      | Reached XP level 10. HP: 56/56 MP: 13/21
  7627 | D:7      | Reached skill level 12 in Conjurations
  9963 | D:9      | Found a staircase to the Orcish Mines.
  9974 | D:9      | Found an ancient bone altar of Kikubaaqudgha.
  9976 | D:9      | Found a hide-covered altar of Uskayaw.
 10767 | D:9      | Reached skill level 13 in Conjurations
 10771 | D:9      | Slain by an orc warrior

Illustrated notes

Levels and vault maps discovered:
D:1:      shiori_arrival_elements, layout_basic
D:2:      layout_rooms
D:3:      layout_rooms
D:4:      layout_basic, lemuel_crystal_altar, lemuel_crystal_altar,
          uniq_menkaure
D:5:      layout_cave_pools, kennysheep_ying_yang, xom_butterflies,
          serial_bayou_crossing
D:6:      layout_cave_pools, ashenzari_conservatory_becter,
          kennysheep_mini_moat, minmay_temple_entry_glassed_door,
          minmay_fountain_box
D:7:      layout_rooms, uniq_pikel
D:8:      layout_basic
D:9:      layout_roguey, grunt_temple_overflow_open, orc_0_dummy,
          kennysheep_generic_room_4
Temple:   dshaligram_water_room_temple

Skill      XL: |  1  2  3  4  5  6  7  8  9 10 |
---------------+-------------------------------+-----
Conjurations   | 5 6 7 8 10 11 13 | 13.0
Spellcasting   | 3 4 5 6 7 8 |  8.6
Dodging        | |  2.0
Stealth        | |  2.6

Action                   |  1- 3 |  4- 6 |  7- 9 | 10-12 || total
-------------------------+-------+-------+-------+-------++-------
Melee: Unarmed           |     6 |       |       |       ||     6
       Constrict         |    14 |     7 |     9 |     3 ||    33
       Dagger            |    55 |    39 |    48 |    10 ||   152
       Tentacles         |     8 |     3 |     6 |     1 ||    18
 Cast: Magic Dart        |    23 |    17 |    24 |     9 ||    73
       Searing Ray       |     3 |    23 |    66 |    51 ||   143
       Fulminant Prism   |       |       |       |     1 ||     1
Evoke: Wand              |       |       |     4 |       ||     4
  Use: Scroll            |       |       |    10 |     2 ||    12
       Potion            |       |       |     1 |     1 ||     2
 Stab: Sleeping          |     8 |     6 |     2 |       ||    16
Armor: Skin              |     2 |     3 |     2 |     4 ||    11
Dodge: Dodged            |    37 |    43 |    77 |    77 ||   234

Table legend: (Time is in decaauts)
 A = Elapsed time spent in this place.
 B = Non-inter-level travel time spent in this place.
 C = Inter-level travel time spent in this place.
 D = Time resting spent in this place.
 E = Time spent auto-exploring this place.
 F = Levels seen in this place.
 G = Mean time per level.
                   A        B        C        D        E       F      G
               +--------+--------+--------+--------+--------+-----+--------+
         Total |  10787 |  10475 |    312 |   2751 |   5902 |  10 | 1078.7 |
       Dungeon |  10713 |  10418 |    295 |   2751 |   5902 |   9 | 1190.3 |
        Temple |     73 |     56 |     17 |      0 |      0 |   1 |   73.0 |
               +--------+--------+--------+--------+--------+-----+--------+

Top non-repeatable levels by time:
     D:6: 1929 daAuts
     D:7: 1421 daAuts
     D:1: 1329 daAuts
     D:8: 1272 daAuts
     D:2: 1141 daAuts
     D:5: 1005 daAuts
     D:4: 880 daAuts
     D:9: 874 daAuts
     D:3: 858 daAuts
  Temple: 73 daAuts
